Map: Acropolis LE

Players

HeroMarine - Winner!

  • Race: Terran Terran
  • League: Grandmaster
  • Spawn Location: 5:00

LiquidTaeJa (TaeJa)

  • Race: Terran Terran
  • League: Diamond
  • Spawn Location: 11:00

Event: 2019 Assembly Summer

VOD

Have the link to the VOD?

Description

Time

  • Played on: Aug. 1, 2019, 2:02 p.m.
  • Length: 8:12

All games in this series

Show
View Real Time Build Order
Export as new Build Order

HeroMarine Terran - Winner!

Build Orders: Gas First Reaper Expand 

Get SALT Encoding   

  12  0:00  SCV  
  13  0:12  SCV  
  14  0:17  Supply Depot  
  14  0:25  SCV  
  15  0:28  Refinery  
  15  0:38  SCV  
  16  0:44  Barracks  
  16  0:50  SCV  
  17  1:02  SCV  
  18  1:15  SCV  
  19  1:30  Reaper, Orbital Command  
  20  1:41  Command Center  
  20  1:57  SCV  
  20  1:59  Factory  
  21  2:06  Supply Depot, Barracks Reactor  
  21  2:09  SCV  
  22  2:18  Refinery  
  22  2:21  SCV  
  23  2:33  SCV  
  24  2:42  Marine  
  24  2:43  Marine, Hellion  
  28  2:45  SCV  
  28  2:46  Starport  
  29  2:56  Orbital Command  
  29  2:57  SCV  
  30  3:01  Marine x2  
  30  3:04  Factory Tech Lab  
  32  3:09  SCV  
  33  3:19  Marine x2  
  35  3:21  SCV  
  35  3:22  SCV  
  37  3:31  Raven  
  37  3:32  Supply Depot  
  37  3:33  SCV  
  40  3:34  SCV  
  40  3:37  Marine x2  
  43  3:41  Refinery  
  43  3:45  Factory Tech Lab  
  43  3:46  SCV x2  
  45  3:55  Marine x2  
  47  3:58  SCV x2  
  49  4:06  Supply Depot  
  49  4:07  Siege Tank  
  52  4:10  SCV x2  
  52  4:15  Supply Depot  
  54  4:28  Raven, Marine x2, SCV x2  
  60  4:32  Command Center  
  60  4:40  SCV x2  
  62  4:45  Marine x2  
  62  4:52  Siege Tank, SCV x2  
  66  5:03  Marine x2  
  66  5:04  SCV x2  
  70  5:16  SCV  
  70  5:21  Marine x2, Refinery, Raven  
  70  5:22  SCV  
  75  5:28  SCV  
  75  5:31  Barracks x2  
  75  5:34  SCV  
  77  5:39  Marine  
  78  5:43  Marine, Siege Tank, SCV  
  78  5:45  Orbital Command  
  78  5:46  SCV  
  84  5:50  Supply Depot  
  84  5:55  SCV  
  85  5:58  SCV  
  85  6:02  Engineering Bay  
  85  6:03  Engineering Bay  
  86  6:07  SCV  
  86  6:10  SCV  
  86  6:13  Orbital Command  
  86  6:16  Viking x2  
  90  6:19  Siege Tank  
  90  6:20  SCV  
  90  6:22  SCV  
  90  6:23  Barracks Reactor  
  90  6:24  Marine, Barracks Reactor  
  95  6:27  Supply Depot  
  95  6:32  SCV  
  96  6:41  SCV  
  96  6:44  SCV  
  96  6:46  SCV  
  99  6:50  Marine  
  99  6:53  SCV  
  101  6:56  SCV  
  101  6:58  SCV  
  97  7:02  Marine  
  97  7:04  Viking x2  
  97  7:05  SCV  
  97  7:08  SCV  
  93  7:10  SCV  
  93  7:11  Marine x3  
  93  7:12  Marine  
  93  7:14  Siege Tank  
  99  7:17  SCV  
  99  7:18  Barracks x2  
  99  7:20  Marine, SCV  
  99  7:21  Refinery x2  
  102  7:28  SCV  
  102  7:29  Marine x3, SCV  
  107  7:32  SCV  
  107  7:33  Marine  
  107  7:38  Marine  
  107  7:43  SCV  
  109  7:45  SCV x2  
  109  7:59  Supply Depot  
  109  8:00  Supply Depot, Armory  
Show
View Real Time Build Order
Export as new Build Order

LiquidTaeJa Terran 

Build Orders: Reaper Expand 

Get SALT Encoding   

  12  0:00  SCV  
  13  0:12  SCV  
  14  0:17  Supply Depot  
  14  0:24  SCV  
  15  0:39  SCV  
  15  0:42  Barracks  
  16  0:44  Refinery  
  16  0:51  SCV  
  17  1:03  SCV  
  18  1:15  SCV  
  19  1:29  Reaper, Orbital Command  
  20  1:41  Command Center  
  20  1:51  Supply Depot  
  20  1:55  SCV  
  20  2:01  Marine  
  21  2:07  SCV  
  23  2:09  Factory  
  23  2:14  Refinery  
  23  2:19  SCV  
  23  2:21  Barracks Reactor  
  24  2:31  SCV  
  25  2:43  SCV  
  26  2:54  Starport, Widow Mine, Orbital Command  
  26  2:55  SCV  
  26  2:58  Marine x2  
  31  3:07  Bunker, SCV  
  32  3:15  Factory Tech Lab  
  32  3:16  Marine x2  
  35  3:20  SCV x2  
  35  3:26  Supply Depot  
  36  3:31  Medivac  
  36  3:32  SCV x2  
  40  3:38  Cyclone, Refinery  
  43  3:44  SCV x2  
  43  3:48  Supply Depot  
  45  3:49  Marine x2  
  47  3:56  SCV  
  47  3:57  SCV  
  49  4:03  Starport Tech Lab  
  49  4:06  Marine  
  49  4:07  Marine  
  49  4:09  SCV x2  
  53  4:21  SCV x2  
  53  4:22  Raven  
  56  4:27  Command Center  
  56  4:29  Marine  
  56  4:30  Marine  
  58  4:33  SCV x2  
  58  4:35  Refinery  
  58  4:36  Supply Depot  
  60  4:41  Supply Depot  
  60  4:45  SCV x2  
  62  4:58  Siege Tank  
  62  5:00  SCV x2  
  62  5:06  Marine x2  
  62  5:07  Raven  
  64  5:12  SCV x2  
  67  5:24  Marine x2  
  67  5:25  SCV x2  
  67  5:27  Barracks  
  71  5:30  Siege Tank  
  71  5:32  Barracks, Engineering Bay  
  71  5:33  Engineering Bay  
  74  5:37  SCV x2  
  74  5:39  Orbital Command  
  74  5:41  Marine  
  74  5:42  Marine  
  78  5:49  Raven, SCV x2  
  80  5:52  Supply Depot  
  82  5:59  Terran Infantry Armor Level 1, Terran Infantry Weapons Level 1  
  82  6:01  SCV x2  
  82  6:02  Siege Tank  
  87  6:12  Marine x2  
  87  6:13  SCV x2  
  87  6:15  Orbital Command  
  91  6:20  Barracks Tech Lab  
  91  6:25  SCV x2  
  93  6:32  Refinery  
  93  6:33  Refinery  
  93  6:37  Marine, SCV  
  93  6:38  SCV  
  92  6:41  Barracks Reactor, SCV  
  92  6:45  Viking x2  
  92  6:46  Combat Shield, Siege Tank, Marine  
  101  6:49  SCV  
  101  6:54  SCV  
  101  6:57  SCV  
  96  7:01  SCV  
  96  7:03  Marine  
  96  7:04  Marine  
  96  7:07  SCV  
  92  7:09  SCV  
  92  7:13  SCV  
  88  7:17  Viking  
  88  7:18  Armory, Viking, Siege Tank  
  88  7:19  Barracks x2, SCV  
  88  7:21  Marine  
  88  7:22  Marine, SCV  
  99  7:23  Marine x2  
  99  7:27  SCV  
  99  7:31  SCV  
  100  7:39  Marine  
  101  7:45  Marine x3  
  101  7:50  SCV  
Tags
 
Add a new tag
Caveats
  • Supply blocks, unpowered buildings, or Contaminate may cause inaccurate times.
  • Supply counts are checked every 10 seconds.